 Dungeon Crawl Stone Soup version 0.31.0-9-g3a7656b989 (console) character file.

Game seed: 13357540021602334120

60 AlterAsc the Chopper (level 4, -7/35 HPs)
             Began as a Formicid Fighter on Jan 27, 2024.
             Mangled by an ogre
             ... wielding a +0 giant spiked club
              (20 damage)
             ... on level 3 of the Dungeon.
             The game lasted 00:03:17 (1708 turns).

AlterAsc the Chopper (Formicid Fighter)             Turns: 1708, Time: 00:03:17

Health: -7/35      AC:  6    Str: 23    XL:     4   Next: 25%
Magic:  4/4        EV:  9    Int:  7    God:
Gold:   215        SH:  5    Dex: 13    Spells: 3/3 levels left

rFire   . . .        m - +0 battleaxe
rCold   . . .        c - +0 buckler
rNeg    . . .        b - +0 scale mail
rPois   .            (helmet unavailable)
rElec   .            (no cloak)
rCorr   .            (no gloves)
SInv    +            (no boots)
Will    .....        (no amulet) Stlth
                     (no ring)
HPRegen 0.25/turn    (no ring)
MPRegen 0.09/turn

%: no passive effects
@: no status effects
A: permanent stasis, dig shafts and tunnels, antennae 3, four strong arms
a: Dig, Shaft Self


You were on level 3 of the Dungeon.
You visited 1 branch of the dungeon, and saw 3 of its levels.

You collected 215 gold pieces.

Inventory:

Hand Weapons
 a - a +0 war axe
 m - a +0 battleaxe (weapon)
Missiles
 l - 7 poisoned darts (quivered)
Armour
 b - a +0 scale mail (worn)
 c - a +0 buckler (worn)
 q - a +0 pair of boots
Jewellery
 i - a ring of magical power
Scrolls
 e - a scroll of fog {unknown}
 g - 3 scrolls of identify {unknown}
 j - a scroll of amnesia {unknown}
 n - a scroll of blinking {unknown}
 o - a scroll of enchant armour {unknown}
 p - a scroll of poison {unknown}
Potions
 d - a potion of might
 f - a potion of lignification {unknown}
 h - a potion of enlightenment {unknown}
 k - a potion of curing {unknown}


   Skills:
 - Level 3.2 Fighting
 + Level 4.2 Axes
 - Level 3.2 Armour
 - Level 4.0 Shields


You had 3 spell levels left.
You didn't know any spells.
Your spell library contained the following spells:

 Spells                   Type           Power      Damage    Failure   Level
 Summon Small Mammal      Summ           0%         N/A       80%         1
 Call Canine Familiar     Summ           0%         N/A       99%         3
 Summon Blazeheart Golem  Fire/Summ      0%         N/A       100%        4


Dungeon Overview and Level Annotations

Branches:
Dungeon (3/15)

Altars:

Shops:
D:1 (


Innate Abilities, Weirdness & Mutations

You cannot be hasted, slowed, berserked, paralysed or teleported.
You can dig through walls and to a lower floor.
You have a pair of large antennae on your head. (SInv)
Your four strong arms can wield two-handed weapons with a shield.


Message History

The endoplasm hits you but does no damage. x2
You slash the endoplasm!
You kill the endoplasm!
l - 8 poisoned darts (gained 5)
Found a pair of boots.
An ogre comes into view. It is wielding a +0 giant spiked club.
The ogre shouts!
The ogre moves out of view.
You see here a +0 pair of boots.
q - a +0 pair of boots Throw: 8 darts (poison)
Press: ? - help, Q - select action, (/) - cycle Shift-Dir - straight line, f - ogre
Aim: an ogre, wielding a +0 giant spiked club (71% to hit)
You throw a poisoned dart.
The poisoned dart barely misses the ogre.
You slash the ogre!
The ogre is moderately wounded.
The ogre hits you with a +0 giant spiked club!
You hit the ogre.
The ogre is moderately wounded.
The ogre hits you with a +0 giant spiked club!
You hit the ogre but do no damage.
The ogre is moderately wounded.
The ogre closely misses you.
You barely miss the ogre.
The ogre is moderately wounded.
The ogre closely misses you.
Press: ? - help, v - describe, . - travel
Here: an ogre, wielding a +0 giant spiked club (moderately wounded)
The floor, spattered with blood.
Okay, then.
You slash the ogre!
The ogre is heavily wounded.
You block the ogre's attack.
You barely miss the ogre.
The ogre is heavily wounded.
You block the ogre's attack.
The ogre hits you with a +0 giant spiked club!!
Ouch! That really hurt!
You die...

.##.## . .# ## .# .# #.#
.##### #.# .....# ....
.....###.##?#
.........##.#
......#.....# ......#.#
#.###########. ........#
#.....@.......
......#.###.###.O######.
......#.....# #..#
......###.### .....
...#### #.# #...### .###
#.# #.... .# #.# ##....
## #.# ##(## # #.# #
#.### # #...#


You could see an ogre.

Vanquished Creatures
  2 adders (D:2)
  A dart slug (D:1)
  3 bats
  5 endoplasms
  3 giant cockroaches
  2 goblins
  4 hobgoblins
  A kobold (D:2)
  2 quokkas (D:2)
  4 ball pythons
  6 frilled lizards
  6 rats
39 creatures vanquished.

Notes
Turn   | Place    | Note
-------+----------+-------------------------------------------
     0 | D:1      | AlterAsc the Formicid Fighter began the quest for the Orb.
     0 | D:1      | Reached XP level 1. HP: 18/18 MP: 1/1
    34 | D:1      | Found Iladis's Antique Weapon Shoppe.
   179 | D:1      | Reached XP level 2. HP: 18/24 MP: 2/2
   832 | D:2      | Reached XP level 3. HP: 29/29 MP: 3/3
   984 | D:2      | Found a faded altar of an unknown god.
  1203 | D:2      | Reached XP level 4. HP: 35/35 MP: 4/4
  1698 | D:3      | Noticed an ogre
  1708 | D:3      | Mangled by an ogre

Illustrated notes

Levels and vault maps discovered:
D:1:      psy_arrival_fountain, layout_loops_ring, serial_shops, shop
D:2:      minmay_inner_zag, layout_basic,
          hellmonk_ecumenical_altar_leap_of_faith,
          minmay_misc_feat_four_crosses, corexii_hall_statues_u,
          nicolae_underground_beach
D:3:      layout_loops_ring, serial_shops, shop

Skill      XL: |  1  2  3 |
---------------+----------+-----
Axes           | 3 4 |  4.2
Fighting       | |  3.2
Armour         | |  3.2
Shields        | |  4.0

Action                     |  1- 3 |  4- 6 || total
---------------------------+-------+-------++-------
  Melee: War axe           |    66 |       ||    66
         Battleaxe         |    24 |    32 ||    56
  Throw: Dart              |       |     1 ||     1
 Armour: Scale mail        |    66 |    24 ||    90
  Dodge: Dodged            |    38 |    11 ||    49
  Block: Buckler           |    17 |    10 ||    27
